 Dungeon Crawl Stone Soup version 0.30-a0-341-g682706514a (webtiles) character file.

Game seed: 1661741563253607053

25 koil the Trooper (level 3, 0/40 HPs)
             Began as an Ogre Cinder Acolyte on Nov 1, 2022.
             Was a High Priest of Ignis.
             Slain by a gnoll
             ... wielding a +0 spear
              (4 damage)
             ... on level 2 of the Dungeon.
             The game lasted 00:01:24 (1012 turns).

koil the Trooper (Ogre Cinder Acolyte)              Turns: 1012, Time: 00:01:24

Health: 0/40       AC:  3    Str: 18    XL:     3   Next: 6%
Magic:  5/5        EV:  9    Int: 17    God:    Ignis [*****.]
Gold:   38         SH:  0    Dex:  4    Spells: 3/5 levels left

rFire   + . .      SeeInvis .    a - -1 hand axe (flame)
rCold   . . .      Faith    .    (no shield)
rNeg    . . .      Spirit   .    b - +0 robe
rPois   .          Reflect  .    (helmet restricted)
rElec   .          Harm     .    (no cloak)
rCorr   .          Rampage  .    (gloves unavailable)
Will    .....                    (boots unavailable)
Stlth   +.........               (no amulet)
HPRegen 0.26/turn                (no ring)
MPRegen 0.09/turn                (no ring)

@: no status effects
A: large, unfitting armour, tough skin 1
a: Renounce Religion, Fiery Armour, Foxfire Swarm, Rising Flame


You were on level 2 of the Dungeon.
You worshipped Ignis.
Ignis was extremely pleased with you.
You visited 1 branch of the dungeon, and saw 2 of its levels.

You collected 38 gold pieces.

Inventory:

Hand Weapons
 a - a -1 hand axe of flaming (weapon)
Armour
 b - a +0 robe (worn)
Scrolls
 e - a scroll of identify {unknown}
 f - a scroll of teleportation {unknown}
 g - a scroll of noise {unknown}
Potions
 c - a potion of degeneration {unknown}
 d - 2 potions of attraction {unknown}
 h - a potion of might {unknown}


   Skills:
 + Level 4.3 Fighting
 + Level 3.2 Axes
 + Level 0.8 Dodging
 + Level 1.7 Spellcasting
 + Level 2.9 Fire Magic


You had 3 spell levels left.
You knew the following spells:

 Your Spells              Type           Power      Damage    Failure   Level
a - Scorch                Fire           22%        2d6       9%          2

Your spell library contained the following spells:

 Spells                   Type           Power      Damage    Failure   Level
 Ignite Poison            Fire/Tmut/Pois 4%         N/A       36%         3
 Kindle Blastsparks       Fire/Tloc/Air  8%         2d10      36%         3
 Freezing Cloud           Conj/Ice/Air   0%         6-21      99%         5


Dungeon Overview and Level Annotations

Branches:
Dungeon (2/15)

Altars:

Shops:
D:2 :


Innate Abilities, Weirdness & Mutations

You are too large for most types of armour.
You have tough skin. (AC +1)


Message History

You see here a hobgoblin corpse.
Found a stone staircase leading up.
No target in view!
No target in view! 4 gnolls come into view.
Found 5 stones and a leather armour.
Found an escape hatch in the floor.
The gnoll shouts! x4
The gnoll hits you from afar with a +0 spear.
An endoplasm comes into view.
The gnoll hits you with a +0 spear.
The endoplasm quivers.
You hit the gnoll. You burn the gnoll.
The gnoll is heavily wounded.
The gnoll hits you with a +0 spear.
You hit the gnoll but do no damage.
The gnoll is heavily wounded.
You hit the endoplasm. You burn the endoplasm.
The gnoll hits you with a +0 spear. The endoplasm hits you.
You hit the gnoll. You burn the gnoll.
The gnoll is almost dead.
You hit the endoplasm. You burn the endoplasm.
You kill the endoplasm!
The gnoll hits you with a +0 spear.
You closely miss the gnoll.
The gnoll is almost dead.
The gnoll hits you with a +0 spear.
You hit the gnoll. You burn the gnoll.
The gnoll is moderately wounded.
The gnoll hits you with a +0 whip.
The gnoll hits you from afar with a +0 spear.
* * * LOW HITPOINT WARNING * * *
You hit the gnoll. You burn the gnoll.
The gnoll is heavily wounded.
The gnoll hits you from afar with a +0 spear!
* * * LOW HITPOINT WARNING * * *
The gnoll hits you but does no damage.
You hit the gnoll. You burn the gnoll.
You kill the gnoll!
The gnoll hits you from afar with a +0 spear.
You die...

..(.....#.##.
............
........$.# .....gg..#
.. .....gg..# #.
########g##.. #g.#..
### #g##.# #..
######@##.## #.# .#
#..........# #.## ##.#
#..........###..###...#
#.<.......†............
#..........####....####
#######..### ##.....##
#.######.......#
#...<..†.......##
########.........


You could see 3 gnolls.

Vanquished Creatures
  A gnoll (D:2)
  6 endoplasms
  2 giant cockroaches (D:1)
  4 hobgoblins
  A kobold (D:1)
  2 quokkas (D:1)
  2 ball pythons
  A bat (D:2)
  A frilled lizard (D:1)
  2 rats (D:1)
22 creatures vanquished.

Notes
Turn   | Place    | Note
-------+----------+-------------------------------------------
     0 | D:1      | koil the Ogre Cinder Acolyte began the quest for the Orb.
     0 | D:1      | Reached XP level 1. HP: 24/24 MP: 2/2
   225 | D:1      | Reached XP level 2. HP: 32/32 MP: 4/4
   228 | D:1      | Learned a level 2 spell: Scorch
   951 | D:2      | Found Lusiloc's Vocational Training.
   980 | D:2      | Reached XP level 3. HP: 38/40 MP: 5/5
  1012 | D:2      | Slain by a gnoll

Illustrated notes

Levels and vault maps discovered:
D:1:      matt_arrival_spirals, layout_loops_ring
D:2:      layout_rooms, basic_altar, kennysheep_nondescript,
          nicolae_shop_vocational

Action                   || total
-------------------------++-------
Melee: Hand axe          ||    81
       Punch             ||     1
 Cast: Scorch            ||     1
Armor: Robe              ||    18
Dodge: Dodged            ||    41

Table legend: (Time is in decaauts)
 A = Elapsed time spent in this place.
 B = Non-inter-level travel time spent in this place.
 C = Inter-level travel time spent in this place.
 D = Time resting spent in this place.
 E = Time spent auto-exploring this place.
 F = Levels seen in this place.
 G = Mean time per level.
                   A        B        C        D        E       F      G
               +--------+--------+--------+--------+--------+-----+--------+
         Total |   1023 |   1003 |     20 |      0 |    838 |   2 |  511.5 |
       Dungeon |   1023 |   1003 |     20 |      0 |    838 |   2 |  511.5 |
               +--------+--------+--------+--------+--------+-----+--------+

Top non-repeatable levels by time:
     D:1: 956 daAuts
     D:2: 67 daAuts
